 Dungeon Crawl Stone Soup version 0.18-a0-1354-gbc5753f (webtiles) character file.

67 Ratboiler the Sneak (level 3, 0/31 HPs)
             Began as a Deep Elf Wanderer on Feb 19, 2016.
             Slain by a white imp (5 damage)
             ... summoned by Natasha
             ... on level 2 of the Dungeon.
             The game lasted 00:02:45 (1269 turns).

Ratboiler the Sneak (Deep Elf Wanderer)             Turns: 1269, Time: 00:02:45

Health: 0/31       AC: 21    Str:  9    XL:     3   Next: 98%
Magic:  5/5        EV:  2    Int: 18    God:
Gold:   16         SH:  0    Dex: 13    Spells: 0 memorised, 2 levels left

rFire  . . .     SeeInvis .     a - +2 quarterstaff
rCold  . . .     Gourm    .     (armour currently unavailable)
rNeg   + + +     Faith    .     (shield currently unavailable)
rPois  +         Spirit   .     (helmet currently unavailable)
rElec  .         Dismiss  .     (cloak currently unavailable)
rCorr  .         Reflect  .     (gloves currently unavailable)
SustAt .         Harm     .     (boots currently unavailable)
MR     .....     NoTele   +     (no amulet)
Stlth  +++++.....               (no ring)
                                (no ring)

@: tree-form, not resistant to hostile enchantments, quite stealthy
A: no striking features
a: no special abilities


You were on level 2 of the Dungeon.
You were not hungry.
You were a tree.
You visited 1 branch of the dungeon, and saw 2 of its levels.

You collected 16 gold pieces.

Inventory:

Hand Weapons
 a - a +2 quarterstaff (weapon)
 b - a +0 hand crossbow
 e - a +0 dagger
 p - a -1 whip
Missiles
 j - 16 bolts
 n - 17 poisoned needles
Armour
 d - a +0 robe
 h - a +0 ring mail (melded)
Scrolls
 k - a scroll of identify {unknown}
 l - 3 scrolls of teleportation
 o - 2 scrolls of noise {unknown}
 r - a scroll of remove curse {unknown}
Potions
 m - a potion of degeneration {unknown}
 q - a potion of magic {unknown}
 s - a potion of agility {unknown}
Comestibles
 f - a bread ration
 g - 2 slices of pizza
 i - a chunk of flesh


   Skills:
 + Level 1.9 Fighting
 - Level 3.0 Staves
 + Level 2.8 Dodging
 + Level 6.8 Stealth


You had 2 spell levels left.
You didn't know any spells.

Dungeon Overview and Level Annotations

Branches:
Dungeon (2/15)

Altars:

Annotations:
D:2 Natasha


Message History

Natasha closely misses you. The white imp closely misses you.
Drink which item? (? for menu, Esc to quit)
You turn into a tree.
Your +0 ring mail melds into your body.
Your roots penetrate the ground.
The white imp hits you but does no damage.
Natasha claws you but does no damage.
You hit Natasha but do no damage.
Natasha is moderately wounded.
The white imp hits you but does no damage.
Natasha claws you but does no damage.
You closely miss Natasha.
Natasha is moderately wounded.
Natasha claws you but does no damage.
The white imp hits you but does no damage.
You thump Natasha!
Natasha is severely wounded.
Natasha claws you but does no damage. The white imp hits you.
* * * LOW HITPOINT WARNING * * *
The white imp freezes you.
You die...

$...(.....#
.########.# #.#
#.########### ###.
#######'#..........
...
#..................
#..
#.........#########
#.. #......5h......#
#..
.##......♣..###[##
#.. >.........###<#.
#####..
.................
.......
########..###.#.#
##.##.# #..###.#
###.##.. ##.....#
........ ###..####.#
##.###.
#.........#.###.###.
#.##..###.#.........


You could see Natasha and a white imp.

Vanquished Creatures
  Natasha (D:2)
  An adder (D:2)
  2 giant cockroaches (D:1)
  8 goblins (D:1)
  8 hobgoblins
  4 bats (D:1)
  2 giant newts (D:1)
  4 kobolds (D:1)
  3 rats
33 creatures vanquished.

Notes
Turn   | Place    | Note
--------------------------------------------------------------
     0 | D:1      | Ratboiler the Deep Elf Wanderer began the quest for the Orb.
     0 | D:1      | Ratboiler set off with: a +2 quarterstaff, a scroll of teleportation, a potion of lignification, a +0 robe, a +0 dagger, a bread ration
     0 | D:1      | Reached XP level 1. HP: 12/12 MP: 3/3
   150 | D:1      | Reached XP level 2. HP: 16/16 MP: 4/4
   424 | D:1      | Reached XP level 3. HP: 10/20 MP: 5/5
  1121 | D:2      | Noticed Natasha
  1129 | D:2      | Killed Natasha
  1174 | D:2      | Noticed Natasha
  1269 | D:2      | Slain by a white imp

Vault maps used:
D:1:      dpeg_arrival_more_subterranean_lakeside_camping, hex_tiny,
          nrook_loot_triangle
D:2:      lightli_temple_of_fire, first_bread, uniq_natasha

Action                   || total
-------------------------++-------
Melee: Quarterstaff      ||    83
 Fire: Hand crossbow     ||     4
  Use: Scroll            ||     1
       Potion            ||     1
 Stab: Sleeping          ||     3
  Eat: Chunk             ||     1
